caesar, neutral male human Barbarian ----- ##..^..# ----- # |%..| |.... # ### --.-- |..{| # # # |....############ # --.-- ########## # # ### # # # #### #.. ### c# ### # @g######%###### `#### # #-.--- ---.- -.-.- . ####|.....`..^.`| |..>| `.| ` |.......{...| -.`.| ...## |.<.........| |...| --- ------------- ----- caesar the Brigand Experience level: 11 Strength: 18/19 Dexterity: 18 Constitution: 18 Intelligence: 7 Wisdom: 9 Charisma: 6 Health: 0(105) Energy: 26(26) Def: 7 Gold: 540 Moves: 18998 Dungeon seed: K9f9DinxCJZWSdU1 Game ID: caesar_1523705455 Your Inventory: Coins $ - 540 gold pieces Amulets M - an uncursed amulet of reflection (being worn) Weapons a - the rustproof +1 Cleaver (weapon in hands) Armor e - an uncursed +0 dwarvish cloak named invisibility (being worn) p - an uncursed +0 mummy wrapping q - an uncursed very rusty very corroded +0 dwarvish iron helm (being worn) z - an uncursed +0 pair of leather gloves (being worn) N - a blessed very rusty corroded +0 pair of iron shoes (being worn) U - an uncursed +0 dwarvish mithril-coat (being worn) Comestibles c - 12 uncursed food rations E - 2 uncursed tripe rations J - an uncursed tin of orc shaman meat Scrolls b - a cursed scroll of confuse monster m - an uncursed scroll of stinking cloud n - an uncursed scroll of genocide u - a cursed scroll of teleportation F - an uncursed scroll of earth G - a blessed scroll of light V - an uncursed scroll of magic mapping Spellbooks f - an uncursed spellbook of cure blindness Potions g - an uncursed potion of water C - an uncursed potion of gain ability D - an uncursed potion of fruit juice Rings h - an uncursed ring of polymorph control k - a blessed +1 ring of gain strength (on left hand) P - a blessed +2 ring of increase accuracy (on right hand) Wands l - a blessed wand of lightning (0:1) s - a wand of teleportation (0:4) t - a wand of slow monster (0:2) H - a wand of fire (0:8) I - a wand of light (0:14) Tools o - an uncursed greased bag of holding w - an uncursed tin whistle x - an uncursed oil lamp (0:1134) y - 3 blessed tallow candles (0:200) A - a blessed partly used tallow candle (lit) (0:37) B - an uncursed blindfold O - a +0 unicorn horn Q - an uncursed tin opener Contents of the bag of holding: 2164 gold pieces an uncursed eucalyptus leaf 2 uncursed scrolls of confuse monster an uncursed scroll of create monster an uncursed scroll of enchant armor an uncursed scroll of remove curse 2 uncursed potions of object detection an uncursed potion of water an uncursed ring of conflict a wand of create monster (0:0) a wand of magic missile (0:0) a wand of opening (0:3) a wand of probing (0:4) a wand of secret door detection (0:13) an uncursed brass lantern (0:1494) a can of grease (0:19) an uncursed mirror a +0 pick-axe 14 uncursed tallow candles (0:200) an uncursed diamond 3 uncursed emeralds an uncursed garnet stone 3 uncursed jacinth stones an uncursed ruby an uncursed worthless piece of black glass 2 uncursed worthless pieces of blue glass an uncursed worthless piece of green glass 3 uncursed worthless pieces of orange glass 4 uncursed worthless pieces of red glass Spells and supernatural/magical abilities: Name Level Category Fail Memory a - force bolt 1 attack 100% 67% m - magic missile 2 attack 100% 67% w - wizard lock 2 matter 100% 67% P - polymorph 6 matter 100% 22% U - detect unseen 3 divination 100% 67% W - pray for help -- divine ? -- Your skills at the end: Fighting Skills bare handed combat [Basic] Weapon Skills axe [Skilled] two-handed sword [Basic] Spellcasting Skills Final Attributes: You were piously aligned. You were poison resistant. You saw invisible. You were telepathic. You were invisible to others. You had a +2 bonus to hit. You had reflection. You were lucky. You are dead. Vanquished creatures: 2 vampires a ghost a winged gargoyle 2 giant mimics a large mimic a stalker an air elemental a hill giant a giant mummy an elf-lord 4 small mimics a glass piercer an ettin mummy an ogre lord a quantum mechanic a troll 2 pyrolisks a large dog a freezing sphere a tiger a dwarf king 3 tengu a mountain centaur a stone giant 2 human mummies a red naga a cobra 2 wraiths a leather golem an incubus a giant beetle 2 cockatrices a wolf 2 winter wolf cubs a lynx 2 leprechauns a giant spider a horse 2 gnome kings an orc mummy a dwarf mummy 12 ogres a brown pudding a rust monster an owlbear a gold golem a lizard a chickatrice 3 dwarf lords a black unicorn a dust vortex 2 ravens 2 gnome mummies 2 snakes 3 apes 5 human zombies a rope golem 3 Woodland-elves 2 soldier ants a bugbear an imp a quasit a water nymph a mountain nymph 7 Mordor orcs 4 Uruk-hai an orc shaman a rock piercer 2 rock moles 2 ponies a fog cloud 2 yellow lights 4 shriekers 3 violet fungi 15 gnome lords 8 gnomish wizards 3 kobold mummies 2 black naga hatchlings 2 golden naga hatchlings 2 gray oozes a barrow wight 3 elf zombies a ghoul a straw golem 6 giant ants 7 floating eyes 2 kittens 15 dwarves a homunculus 2 kobold lords a kobold shaman 11 hill orcs 7 rothes 3 rabid rats a centipede 3 giant bats 8 dwarf zombies 4 wererats 2 werejackals 9 iguanas 8 killer bees 2 acid blobs 16 coyotes 2 gas spores 6 hobbits 2 manes 4 large kobolds 2 hobgoblins 4 giant rats 4 cave spiders 4 brown molds 4 yellow molds 4 green molds a red mold 42 gnomes 8 garter snakes 6 gnome zombies 8 geckos 8 jackals 3 foxes 6 kobolds 6 goblins 12 sewer rats 12 grid bugs 6 bats 4 lichens a kobold zombie 11 newts 446 creatures vanquished. Voluntary challenges: You had been an atheist until turn 9197. You used a wielded weapon 556 times, starting on turn 11. You read items or engraved 99 times, starting on turn 1788. You never genocided any monsters. You never polymorphed an object. You never changed form. You used 1 wish, starting on turn 3019. You did not wish for any artifacts. You split 1 pudding, starting on turn 17263. You wrote Elbereth's name 6 times, starting on turn 7714. You violated your moral code, losing 61 points of alignment, starting on turn 4561. Dungeon overview: The Dungeons of Doom: levels 1 to 18 Level 1 a sink a long staircase Level 2 a fountain Level 3 some fountains stairs to The Gnomish Mines Level 4 a jewelry store, some fountains Level 5 a fountain Level 6 many fountains Level 7 stairs to Sokoban Level 8 a wand shop, some fountains Level 9 a temple to Set, a fountain Level 10 Level 11 Level 12 Level 13 a general store, a fountain portal to The Quest Level 14 a temple to Crom Level 15 Level 16 Level 17 Level 18 (cockatrice) <- You were here some fountains The Gnomish Mines: levels 4 to 11 Level 4 stairs to The Dungeons of Doom Level 5 Level 6 Level 7 many shops, a temple to Crom, some fountains Level 8 Level 9 Level 10 Level 11 some fountains The Quest: Level 1 a throne portal to The Dungeons of Doom Sokoban: levels 3 to 6 Level 3 Level 4 Level 5 Level 6 stairs to The Dungeons of Doom History has recorded: On T:1 you entered the Dungeons of Doom to retrieve the Amulet of Yendor! On T:536 you advanced to experience level 2. On T:549 you reached level 2 of The Dungeons of Doom. On T:1024 you advanced to experience level 3. On T:1031 you reached level 3 of The Dungeons of Doom. On T:1124 you reached level 4 of The Dungeons of Doom. On T:1200 you reached level 1 of The Gnomish Mines. On T:1343 you advanced to experience level 4. On T:1650 you advanced to experience level 5. On T:2347 you reached level 5 of The Dungeons of Doom. On T:2365 you reached level 6 of The Dungeons of Doom. On T:2781 you reached level 7 of The Dungeons of Doom. On T:2891 you advanced to experience level 6. On T:3019 you wished for "2 blessed scrolls of charging". On T:3217 you reached level 4 of Sokoban. On T:3842 you reached level 3 of Sokoban. On T:4781 you reached level 2 of Sokoban. On T:5654 you reached level 1 of Sokoban. On T:5886 you advanced to experience level 7. On T:8113 you reached level 8 of The Dungeons of Doom. On T:8553 you reached level 2 of The Gnomish Mines. On T:8769 you reached level 3 of The Gnomish Mines. On T:9026 you advanced to experience level 8. On T:9046 you reached level 4 of The Gnomish Mines. On T:9784 you reached level 5 of The Gnomish Mines. On T:10040 you received Cleaver from Crom. On T:10356 you reached level 6 of The Gnomish Mines. On T:10429 you reached level 7 of The Gnomish Mines. On T:10766 you reached level 8 of The Gnomish Mines. On T:11113 you advanced to experience level 9. On T:12804 you advanced to experience level 10. On T:13723 you reached level 9 of The Dungeons of Doom. On T:13751 you reached level 10 of The Dungeons of Doom. On T:14109 you reached level 11 of The Dungeons of Doom. On T:14374 you reached level 12 of The Dungeons of Doom. On T:15025 you reached level 13 of The Dungeons of Doom. On T:15292 you reached level 1 of The Quest. On T:15427 you reached level 14 of The Dungeons of Doom. On T:16475 you reached level 15 of The Dungeons of Doom. On T:16576 you reached level 16 of The Dungeons of Doom. On T:17037 you advanced to experience level 11. On T:17654 you reached level 17 of The Dungeons of Doom. On T:18805 you reached level 18 of The Dungeons of Doom. Score breakdown: Gold: 2704 (11675 points) Experience: 11 levels (17616 points) Exploration: 18 levels ( 35.29%) (17492 points) Discoveries: 51 items ( 20.73%) (13659 points) Valuables value: (no points given unless you survive) Artifact value: 1500 (10804 points) Variety of kills: 128 monsters ( 33.60%) (17388 points) Turncount: 18998 turns (-3326 points) Survival: died (score multiplied by 80%) Total score: 68246 Latest messages: The tiger hits! (2x) The tiger just misses! You kill the tiger! You have a little trouble lifting H - a short wand. You see here a tiger corpse. Your candle is getting short. You enter a disgusting nest! The incubus bumps right into you! You smite the incubus! The incubus hits! (2x) You kill the incubus! With great effort you move the boulder. You are carrying too much to get through. The winged gargoyle bumps right into you! You are beginning to feel hungry. The winged gargoyle hits! (2x) The winged gargoyle misses. The winged gargoyle hits! (2x) The winged gargoyle bites! The winged gargoyle hits! (2x) The winged gargoyle bites! You die... Final status: Goodbye caesar the Barbarian, killed by a winged gargoyle... You died in The Dungeons of Doom on dungeon level 18 with 68246 points, and 2704 pieces of gold, after 18998 moves. You were level 11 with a maximum of 105 hit points when you died.